 Seeded DCSS version 0.30.0-19-g36f170ea60 (webtiles) character file.

Game seed: 6351066067085065685 (custom seed)

539 Esekla the Grave Robber (level 7, -1/38 HPs)
             Began as a Deep Elf Necromancer on May 29, 2023.
             Was a Follower of Vehumet.
             Slain by an ogre
             ... wielding a +0 giant club
              (33 damage)
             ... on level 5 of the Dungeon.
             The game lasted 00:22:55 (3897 turns).

Esekla the Grave Robber (Deep Elf Necromancer)      Turns: 3897, Time: 00:22:55

Health: -1/38      AC:  4    Str:  5    XL:     7   Next: 5%
Magic:  8/17       EV: 14    Int: 22    God:    Vehumet [*.....]
Gold:   215        SH:  0    Dex: 18    Spells: 10/17 levels left

rFire   . . .        l - +5 rapier of the Hero {heavy, rN+ Dex+3}
rCold   . . .        (no shield)
rNeg    + . .        a - +0 robe
rPois   .            v - +0 helmet
rElec   .            (no cloak)
rCorr   .            x - +0 pair of gloves
SInv    .            (no boots)
Will    .....        D - amulet of magic regeneration
Stlth   +++          (no ring)
HPRegen 0.26/turn    (no ring)
MPRegen 0.55/turn

%: no passive effects
@: no status effects
A: no striking features
a: Renounce Religion


You were on level 5 of the Dungeon.
You worshipped Vehumet.
Vehumet was aware of your devotion.
You visited 1 branch of the dungeon, and saw 5 of its levels.

You collected 215 gold pieces.

Inventory:

Hand Weapons
 l - the +5 rapier of the Hero (weapon) {heavy, rN+ Dex+3}
   (You found it on level 3 of the Dungeon)

   Dex:       It affects your dexterity (+3).
   rN:        It protects you from negative energy.
 r - a +0 trident
 A - a +2 vampiric dagger
Missiles
 o - 9 poisoned darts (quivered)
 p - a throwing net
Armour
 a - a +0 robe (worn)
 v - a +0 helmet (worn)
 x - a +0 pair of gloves (worn)
Jewellery
 D - an amulet of magic regeneration (around neck)
Wands
 c - a wand of roots (8)
Scrolls
 e - 2 scrolls of fear {unknown}
 f - 4 scrolls of identify {unknown}
 j - 2 scrolls of fog {unknown}
 m - a scroll of blinking {unknown}
 q - a scroll of amnesia {unknown}
 s - a scroll of enchant armour {unknown}
 t - 3 scrolls of enchant weapon {unknown}
 w - a scroll of summoning {unknown}
 y - a scroll of immolation {unknown}
 z - a scroll of silence {unknown}
 B - a scroll of magic mapping {unknown}
Potions
 b - a potion of magic
 d - a potion of ambrosia {unknown}
 g - a potion of heal wounds {unknown}
 h - 2 potions of attraction {unknown}
 i - 5 potions of curing {unknown}
 k - 2 potions of brilliance {unknown}
 n - a potion of haste {unknown}
 u - a potion of mutation {unknown}
 C - a potion of lignification {unknown}


   Skills:
 + Level 1.0 Fighting
 + Level 2.6 Short Blades
 + Level 0.3 Throwing
 * Level 4.3 Dodging
 + Level 3.6 Stealth
 * Level 5.6 Spellcasting
 * Level 6.4 Necromancy
 * Level 1.4 Translocations


You had 10 spell levels left.
You knew the following spells:

 Your Spells              Type           Power      Damage    Failure   Level
a - Necrotise             Necr           100%       1d9       1%          1
d - Vampiric Draining     Necr           34%        2d8       1%          3
t - Teleport Other        Tloc           12%        N/A       16%         3

Your spell library contained the following spells:

 Spells                   Type           Power      Damage    Failure   Level
 Foxfire                  Conj/Fire      24%        2x1d5     10%         1
 Animate Dead             Necr           34%        N/A       7%          4
 Lesser Beckoning         Tloc           24%        N/A       8%          2
 Gell's Gravitas          Tloc           12%        N/A       16%         3
 Agony                    Necr           34%        N/A       19%         5


Dungeon Overview and Level Annotations

Branches:
Dungeon (5/15)
 Temple: D:4-7

Altars:
Dithmenos
Hepliaklqana
Okawaru
Qazlal
Trog
Vehumet
Zin
The Shining One

Shops:
D:2 =   D:4 (


Message History

Found a bubbling blue potion.
Found a bubbling blue potion.
Found a dagger.
i - 4 bubbling blue potions (gained 1)
A hound comes into view.
i - 5 bubbling blue potions (gained 1)
The hound barks!
The hound bites you but does no damage.
You hit the hound.
The hound is moderately wounded.
The hound bites you. x2; The hound barely misses you.
An ogre comes into view. It is wielding a +0 giant club.
Casting: Vampiric Draining (safe; 1% risk of failure)
Confirm with . or Enter, or press ? or * to list all spells.
Aiming: Vampiric Draining (safe; 1% risk of failure)
Press: ? - help, Shift-Dir - straight line, f - hound
Aim: a hound (moderately wounded)
You draw life force from the hound!
You feel life coursing into your body.
The ogre shouts!
The hound bites you.
Casting: Vampiric Draining (safe; 1% risk of failure)
Confirm with . or Enter, or press ? or * to list all spells.
Aiming: Vampiric Draining (safe; 1% risk of failure)
Press: ? - help, Shift-Dir - straight line, f/p - hound
Aim: a hound (almost dead)
You draw life force from the hound!
You kill the hound!
Vehumet accepts your kill.
You feel life coursing into your body.
You have reached level 7!
Casting: Vampiric Draining (safe; 1% risk of failure)
Confirm with . or Enter, or press ? or * to list all spells.
The spell is quite dangerous to miscast (16% risk of failure)!
Continue anyway?
Aiming: Teleport Other (quite dangerous; 16% risk of failure)
Press: ? - help, Shift-Dir - straight line, f - ogre
Aim: an ogre, wielding a +0 giant club (chance to affect: 50%)
The ogre looks slightly unstable.
The ogre hits you with a +0 giant club!!
Ouch! That really hurt!
You die...

########## #.........
##.######## #...#
#######.### #.#.###
#...@O....#
)..#...######.........#
.###..........#####.#.#
...#.#.######.# #
##...#...# #.#
...#####.####.#
##...#†.....#.#
##..#..###.#.# ##.....#
#...######..


You could see an ogre (teleporting).

Vanquished Creatures
  A black bear (D:2)
  A gnoll bouda (D:4)
  3 hounds (D:5)
  3 iguanas
  12 gnolls
  7 adders
  A worm (D:4)
  3 dart slugs
  7 orcs
  6 ball pythons
  4 bats
  4 endoplasms
  8 goblins
  5 hobgoblins
  A quokka (D:1)
  4 frilled lizards
  5 kobolds
  A rat (D:2)
76 creatures vanquished.

Notes
Turn   | Place    | Note
-------+----------+-------------------------------------------
     0 | D:1      | Esekla the Deep Elf Necromancer began the quest for the
                  | Orb.
     0 | D:1      | Reached XP level 1. HP: 10/10 MP: 6/6
    78 | D:1      | Reached skill level 5 in Necromancy
   283 | D:1      | Reached XP level 2. HP: 9/14 MP: 8/8
   457 | D:4      | Found a radiant altar of Vehumet.
   461 | D:4      | Became a worshipper of Vehumet
   731 | D:2      | Noticed a black bear
   750 | D:2      | Reached XP level 3. HP: 17/19 MP: 9/9
   754 | D:2      | Learned a level 3 spell: Vampiric Draining
   823 | D:2      | Found Renulab's Jewellery Shop.
  1053 | D:2      | Reached skill level 1 in Short Blades
  1059 | D:2      | Reached XP level 4. HP: 23/24 MP: 1/11
  1218 | D:2      | Killed a black bear
  1219 | D:2      | Reached XP level 5. HP: 26/28 MP: 5/13
  1321 | D:2      | Found a faded altar of an unknown god.
  1761 | D:3      | Identified the +5 rapier of the Hero {heavy, rN+ Dex+3}
  1867 | D:3      | Found a stormy altar of Qazlal.
  1884 | D:3      | Reached * piety under Vehumet
  1884 | D:3      | Offered knowledge of Foxfire by Vehumet.
  2329 | D:3      | Found a bloodstained altar of Trog.
  2331 | D:3      | Found a hazy altar of Hepliaklqana.
  2486 | D:4      | Found Ponaysk's Antique Weapon Boutique.
  2664 | D:4      | Learned a level 3 spell: Teleport Other
  2857 | D:4      | Found a glowing golden altar of the Shining One.
  2877 | D:4      | Found a glowing silver altar of Zin.
  2990 | D:4      | Reached skill level 1 in Fighting
  2990 | D:4      | Reached skill level 1 in Translocations
  2990 | D:4      | Reached XP level 6. HP: 31/34 MP: 2/15
  3094 | D:4      | Found an iron altar of Okawaru.
  3241 | D:4      | Reached skill level 5 in Spellcasting
  3398 | D:4      | Reached skill level 6 in Necromancy
  3553 | D:5      | Entered Level 5 of the Dungeon
  3599 | D:5      | Found a shadowy altar of Dithmenos.
  3897 | D:5      | Reached XP level 7. HP: 31/38 MP: 11/17
  3897 | D:5      | Slain by an ogre

Illustrated notes

Levels and vault maps discovered:
D:1:      sevenhm_arrival_forest_fort_small_3, layout_rooms,
          chequers_serial_rivers_room_b, minmay_misc_feat_five
D:2:      layout_loops_ring, dreamdust_ecumenical_altar_angels_and_demons,
          serial_shops, shop
D:3:      layout_basic, grunt_temple_overflow_open, minmay_misc_feat_iff
D:4:      layout_basic, nicolae_overflow_quartered_altars, serial_shops,
          nicolae_diamond_shop
D:5:      layout_loops_ring, lemuel_doored_altar, minmay_misc_feat_rows,
          dreamdust_wishing_well

Skill      XL: |  1  2  3  4  5  6 |
---------------+-------------------+-----
Necromancy     | 5 6 |  6.4
Short Blades   | 1 2 |  2.6
Dodging        | 3 4 |  4.3
Stealth        | 3 |  3.6
Spellcasting   | 4 5 |  5.6
Fighting       | 1 |  1.0
Translocations | 1 |  1.4
Throwing       | |  0.3

Action                     |  1- 3 |  4- 6 |  7- 9 || total
---------------------------+-------+-------+-------++-------
  Melee: Short sword       |    13 |       |       ||    13
         Unarmed           |    12 |       |       ||    12
         Dagger            |    62 |    41 |       ||   103
         Punch             |     1 |     1 |       ||     2
         Rapier            |       |    62 |       ||    62
  Throw: Dart              |       |    12 |       ||    12
   Cast: Vampiric Draining |     5 |    29 |       ||    34
         Teleport Other    |       |       |     1 ||     1
  Evoke: Wand              |       |     1 |       ||     1
   Stab: Sleeping          |     2 |     4 |       ||     6
         Distracted        |       |     1 |       ||     1
 Armour: Robe              |    10 |    17 |       ||    27
  Dodge: Dodged            |    43 |    80 |       ||   123
